 Dungeon Crawl Stone Soup version 0.23-a0-344-ge122d05 (webtiles) character file.

2605 Garbasso the Cleaver (level 9, -6/82 HPs)
             Began as a Deep Dwarf Berserker on Oct 19, 2018.
             Was a Priest of Trog.
             Mangled by an orc warrior
             ... wielding the +6 short sword of Linearity {elec, Str+6}
              (9 damage)
             ... on level 7 of the Dungeon.
             The game lasted 00:19:12 (5144 turns).

Garbasso the Cleaver (Deep Dwarf Berserker)         Turns: 5144, Time: 00:19:13

Health: -6/82      AC: 13    Str: 23    XL:     9   Next: 33%
Magic:  8/8        EV:  8    Int: 12    God:    Trog [***...]
Gold:   300        SH:  0    Dex: 13    Spells: 8/8 levels left

rFire    . . .     SeeInvis .   a - +5 battleaxe
rCold    . . .     Gourm    .   (shield currently unavailable)
rNeg     . . .     Faith    .   q - +0 plate armour
rPois    .         Spirit   .   (no helmet)
rElec    .         Reflect  .   (no cloak)
rCorr    .         Harm     .   (no gloves)
MR       +....                  (no boots)
Stlth    ..........             (no amulet)
HPRegen  0.00/turn              B - +4 ring of intelligence
MPRegen  0.11/turn              (no ring)

@: berserk cooldown, very slightly contaminated, non-regenerating, slowed, very
slow
A: damage resistance, heal wounds, sense surroundings 2, subdued magic 1, no
regeneration
a: Heal Wounds, Berserk, Trog's Hand, Renounce Religion


You were on level 7 of the Dungeon.
You worshipped Trog.
Trog was most pleased with you.
You were near starving.

You visited 1 branch of the dungeon, and saw 7 of its levels.

You collected 300 gold pieces.

Inventory:

Hand Weapons
 a - a +5 battleaxe (weapon)
Missiles
 n - 12 tomahawks (quivered)
 t - a throwing net
Armour
 q - a +0 plate armour (worn)
Jewellery
 B - a +4 ring of intelligence (left hand)
Wands
 f - a wand of digging (34)
 y - a wand of polymorph (17)
Scrolls
 d - 4 scrolls of identify
 e - 2 scrolls of teleportation {unknown}
 g - 9 scrolls of remove curse
 h - a scroll of noise
 o - 2 scrolls of blinking {unknown}
 p - 2 scrolls of enchant weapon {unknown}
 r - 4 scrolls of amnesia {unknown}
 s - 3 scrolls of magic mapping {unknown}
 u - 2 scrolls of immolation {unknown}
 v - 2 scrolls of fear {unknown}
Potions
 b - a potion of berserk rage
 i - 2 potions of flight
 j - a potion of cancellation
 k - 4 potions of curing
 l - 7 potions of heal wounds
 m - 3 potions of lignification
 w - 2 potions of might {unknown}
 x - a potion of resistance {unknown}
 A - a potion of mutation {unknown}
 C - 3 potions of haste {unknown}
Comestibles
 c - 11 rations


   Skills:
 + Level 6.2 Fighting
 * Level 10.0 Axes
 + Level 6.9 Armour
 - Level 2.1 Dodging
 + Level 4.6 Evocations


You had 8 spell levels left.
You didn't know any spells.
Your spell library was empty.

Dungeon Overview and Level Annotations

Branches:
Dungeon (7/15)             Temple (0/1) D:4

Altars:
Dithmenos
Fedhas
Makhleb
Qazlal
Uskayaw
Wu Jian
Zin
The Shining One
Beogh

Annotations:
D:7 Mgcat's ghost, novice HONe


Innate Abilities, Weirdness & Mutations

You are resistant to damage.
You can heal yourself by infusing magical energy.
You passively map the area around you.
You do not regenerate.
Your spells are a little easier to cast, but a little less powerful.


Message History

The orc hits you but does no damage.
The orc warrior hits you but does no damage.
You closely miss Mgcat's ghost.
Mgcat's ghost is severely damaged.
You hit the orc warrior. You closely miss the orc.
Your skin stops crawling.
You feel less resistant to hostile enchantments.
Mgcat's ghost hits you but does no damage.
The orc hits you but does no damage.
The orc warrior hits you with a transparent short sword {elec}!
* * * LOW HITPOINT WARNING * * *
You are electrocuted!
* * * LOW HITPOINT WARNING * * *
Mgcat's ghost gestures at you while chanting.
You resist with some effort.
You fail to use your ability.
The orc barely misses you.
The orc warrior hits you with a transparent short sword {elec}!
* * * LOW HITPOINT WARNING * * *
You are electrocuted!
You die...

#........# #................#
#.###....########8.#..##########
#.# ####.#8.....#.##..# #.#
#.#..##..#.....#
#.######.#..8#..#.....#
#........#..##..#.#####
##########....#o#.# #[...#oW.##
######_.8.#o@..###
##...##[...#.'....#
#.###.#)...#.#....### #.#
#.#..##..#......#
#.###.#..8#).#......# ##...##
.##..#......#########
#####.###8.....#....#.........#
#.......########8...#.#######.#
##.###.##.## #.#.##.##### #.#


You could see an orc warrior, an orc priest, Mgcat's ghost and an orc.

Vanquished Creatures
  Joseph (D:7)
  Grinder (D:5)
  Edmund (D:6)
  An orc warrior (D:7)
  An ice beast (D:6)
  2 phantoms
  A sky beast (D:6)
  4 ogres
  2 centaurs (D:5)
  A bullfrog (D:7)
  3 wights (D:4)
  A howler monkey (D:7)
  2 crimson imps (D:6)
  A hound (D:7)
  3 orc priests
  Terence (D:3)
  Natasha (D:3)
  10 orc wizards
  A worker ant (D:4)
  A hound zombie (D:5)
  A worker ant zombie (D:5)
  3 gnolls (D:7)
  9 adders
  4 oozes
  2 adder skeletons
  A worm (D:4)
  A dart slug (D:4)
  A leopard gecko (D:4)
  32 orcs
  6 giant cockroaches
  6 goblins
  8 hobgoblins
  2 jackals (D:2)
  A quokka (D:4)
  10 bats
  7 frilled lizards
  2 jackal skeletons
  7 kobolds
  A quokka skeleton (D:7)
  5 rats
148 creatures vanquished.

Notes
Turn   | Place    | Note
-------+----------+-------------------------------------------
     0 | D:1      | Garbasso the Deep Dwarf Berserker began the quest for the
                  | Orb.
     0 | D:1      | Reached XP level 1. HP: 20/20 MP: 1/1
   179 | D:1      | Reached XP level 2. HP: 22/27 MP: 2/2
   597 | D:2      | Reached skill level 4 in Axes
   619 | D:2      | Reached XP level 3. HP: 23/34 MP: 2/2
   745 | D:2      | Reached ** piety under Trog
   814 | D:2      | Reached XP level 4. HP: 35/42 MP: 2/2
  1476 | D:3      | Found a glowing silver altar of Zin.
  1476 | D:3      | Found an ornate altar of the Wu Jian Council.
  1476 | D:3      | Found a glowing golden altar of the Shining One.
  1513 | D:3      | Noticed Terence
  1523 | D:3      | Killed Terence
  1523 | D:3      | Reached skill level 5 in Axes
  1523 | D:3      | Reached XP level 5. HP: 49/49 MP: 3/3
  1720 | D:3      | Found a hide-covered altar of Uskayaw.
  1733 | D:3      | Noticed Natasha
  1748 | D:3      | Killed Natasha
  1844 | D:4      | Found a shadowy altar of Dithmenos.
  1865 | D:4      | Found a staircase to the Ecumenical Temple.
  1933 | D:4      | Found a stormy altar of Qazlal.
  1948 | D:4      | Reached XP level 6. HP: 46/57 MP: 4/4
  2057 | D:4      | Reached skill level 6 in Axes
  2299 | D:4      | Reached XP level 7. HP: 58/66 MP: 5/5
  2645 | D:5      | Entered Level 5 of the Dungeon
  2773 | D:5      | Reached skill level 7 in Axes
  2854 | D:5      | Found a burning altar of Makhleb.
  2976 | D:5      | Reached skill level 5 in Armour
  3153 | D:5      | Noticed Grinder
  3176 | D:5      | Killed Grinder
  3176 | D:5      | Reached skill level 5 in Fighting
  3176 | D:5      | Reached skill level 8 in Axes
  3176 | D:5      | Reached XP level 8. HP: 29/74 MP: 6/6
  3476 | D:6      | Reached *** piety under Trog
  3476 | D:6      | Reached skill level 1 in Evocations
  3479 | D:6      | Noticed Edmund
  3491 | D:6      | Killed Edmund
  3493 | D:6      | Reached skill level 9 in Axes
  4233 | D:7      | Noticed Joseph
  4242 | D:7      | Killed Joseph
  4242 | D:7      | Gained mutation: You passively map the area around you.
                  | [Deep Dwarf growth]
  4242 | D:7      | Reached XP level 9. HP: 82/82 MP: 7/7
  4364 | D:7      | Found a runed gate.
  4373 | D:7      | Noticed Mgcat's ghost (novice HONe)
  4375 | D:7      | Found a runed gate.
  4375 | D:7      | Found a runed gate.
  4634 | D:7      | Received a gift from Trog
  4906 | D:7      | Found a blossoming altar of Fedhas.
  5072 | D:7      | Got an iridescent hand crossbow
  5073 | D:7      | Identified the +6 hand crossbow "Jolim" {flame, *Contam MR+
                  | Dex+3} (You found it on level 7 of the Dungeon)
  5088 | D:7      | Gained mutation: Your spells are a little easier to cast,
                  | but a little less powerful. [mutagenic glow]
  5120 | D:7      | Found a roughly hewn altar of Beogh.
  5135 | D:7      | Reached skill level 10 in Axes
  5144 | D:7      | HP: 3/82 [orc warrior/transparent short sword {elec} (7)]
  5144 | D:7      | Identified the +6 short sword of Linearity {elec, Str+6}
  5144 | D:7      | Mangled by an orc warrior

Vault maps used:
D:1:      lightli_arrival_flooded_house
D:2:      chequers_serial_rivers_marsh
D:3:      lemuel_doored_altar, gammafunk_temple_overflow_forgotten,
          uniq_natasha, uniq_terence
D:4:      grunt_dithmenos_smoke, kennysheep_mini_moat,
          minmay_temple_entry_statues, first_ration
D:5:      nicolae_overflow_crystal_walls, uniq_grinder
D:6:      uniq_edmund
D:7:      fedhas_altar_1, biasface_ghost_orc_armoury, grunt_ogre_cave,
          minivault_19, uniq_joseph

Skill      XL: |  1  2  3  4  5  6  7  8  9 |
---------------+----------------------------+-----
Fighting       | 3 4 5 6 |  6.2
Axes           | 4 5 6 8 9 10 | 10.0
Armour         | 3 4 5 6 |  6.9
Evocations     | 3 4 |  4.6
Dodging        | |  2.1

Action                   |  1- 3 |  4- 6 |  7- 9 || total
-------------------------+-------+-------+-------++-------
Melee: Hand axe          |   115 |   143 |       ||   258
       Battleaxe         |       |    21 |   189 ||   210
       War axe           |       |     4 |       ||     4
Invok: Trog's Hand       |       |     7 |     5 ||    12
       Berserk           |       |     3 |     6 ||     9
 Abil: Heal Wounds       |     2 |     1 |     9 ||    12
  Use: Scroll            |       |       |     8 ||     8
 Stab: Sleeping          |     1 |       |       ||     1
  Eat: Chunk             |       |    10 |    12 ||    22
       Ration            |       |       |     1 ||     1
Armor: Animal skin       |    21 |       |       ||    21
       Scale mail        |    22 |    66 |       ||    88
       Chain mail        |       |    10 |       ||    10
       Plate armour      |       |     1 |   118 ||   119
Dodge: Dodged            |    82 |   104 |    62 ||   248

Table legend:
 A = Non-vault XP
 B = Vault XP
 C = Vault XP percentage of total XP
 D = Non-vault monster count
 E = Vault monster count
 F = Vault count percentage of total count
                 A         B        C        D         E       F
            +---------+---------+-------+---------+---------+-------
      Total |    2492 |    1230 |  33.0 |     136 |      12 |   8.1
            +---------+---------+-------+---------+---------+-------
        D:1 |      28 |       0 |   0.0 |      18 |       0 |   0.0
        D:2 |      92 |       0 |   0.0 |      23 |       0 |   0.0
        D:3 |     102 |      71 |  41.0 |      21 |       2 |   8.7
        D:4 |     572 |       0 |   0.0 |      24 |       0 |   0.0
        D:5 |     445 |     300 |  40.3 |      12 |       1 |   7.7
        D:6 |     718 |     153 |  17.6 |      22 |       1 |   4.3
        D:7 |     535 |     706 |  56.9 |      16 |       8 |  33.3
            +---------+---------+-------+---------+---------+-------
